 Dungeon Crawl Stone Soup version 0.25.0-3-gd7cc5688da (webtiles) character file.

Game seed: 8845010000266622311

151 nikku the Chopper (level 5, 0/48 HPs)
             Began as a Minotaur Berserker on June 15, 2020.
             Was a Believer of Trog.
             Shot with an arrow by a centaur (12 damage)
             ... on level 3 of the Dungeon.
             The game lasted 00:04:59 (2555 turns).

nikku the Chopper (Minotaur Berserker)              Turns: 2555, Time: 00:05:00

Health: 0/48       AC:  4    Str: 23    XL:     5   Next: 10%
Magic:  4/4        EV: 12    Int:  4    God:    Trog [**....]
Gold:   81         SH:  0    Dex:  9    Spells: 4/4 levels left

rFire    . . .     SeeInvis .   a - +1 hand axe
rCold    . . .     Gourm    .   (no shield)
rNeg     . . .     Faith    .   b - +0 animal skin
rPois    .         Spirit   .   (helmet restricted)
rElec    .         Reflect  .   l - +1 cloak
rCorr    .         Harm     .   (no gloves)
MR       ++...                  (no boots)
Stlth    +.........             (no amulet)
HPRegen  1.16/turn              (no ring)
MPRegen  0.09/turn              (no ring)

@: regenerating
A: retaliatory headbutt, horns 2
a: Berserk, Trog's Hand, Renounce Religion


You were on level 3 of the Dungeon.
You worshipped Trog.
Trog was pleased with you.
You were not hungry.

You visited 1 branch of the dungeon, and saw 3 of its levels.

You collected 81 gold pieces.

Inventory:

Hand Weapons
 a - a +1 hand axe (weapon)
Armour
 b - a +0 animal skin (worn)
 l - a +1 cloak (worn)
Scrolls
 e - 2 scrolls of teleportation
 h - a scroll of noise {unknown}
 i - a scroll of amnesia {unknown}
 n - a scroll of identify
Potions
 d - a potion of might
 f - a potion of flight {unknown}
 j - a potion of curing {unknown}
 k - a potion of resistance {unknown}
 m - a potion of degeneration {unknown}
Comestibles
 c - 4 rations
 g - 6 chunks of flesh


   Skills:
 * Level 5.5 Fighting
 * Level 5.6 Axes
 - Level 2.4 Armour
 - Level 2.1 Dodging


You had 4 spell levels left.
You didn't know any spells.
Your spell library was empty.

Dungeon Overview and Level Annotations

Branches:
Dungeon (3/15)

Altars:


Innate Abilities, Weirdness & Mutations

You reflexively headbutt those who attack you in melee.
You have a pair of horns on your head.


Message History

The centaur shoots an arrow.
The arrow barely misses you.
You see here an arrow.
The centaur shoots an arrow.
The arrow barely misses you.
The centaur shoots an arrow.
The arrow hits you.
You see here an arrow.
The centaur shoots an arrow.
The arrow hits you.
You see here an arrow.
The centaur shoots an arrow.
The arrow hits you!
You see here an arrow.
The centaur shoots an arrow.
The arrow hits you!
The centaur shoots an arrow.
The arrow hits you.
* * * LOW HITPOINT WARNING * * *
You see here 2 arrows.
You are too injured to fight recklessly!
Your skin crawls.
You feel resistant to hostile enchantments.
You feel somewhat more hungry.
The centaur shoots an arrow.
The arrow barely misses you.
The centaur shoots an arrow.
The arrow hits you!
You die...

#..####.####### #..#
#.##....# #..#
#.##....#
#((####..'....+
######(....####....#
#....(...#.# #.....
#...(....# # #.####
#...(....# #.#
#..@.....# #.#
#....>...# #.#
#..c.....# #.#
######.### .# .. ###


You could see a centaur.

Vanquished Creatures
  Jessica (D:3)
  5 adders (D:2)
  An ooze (D:2)
  2 worms (D:2)
  A dart slug (D:2)
  2 leopard geckos
  2 giant cockroaches
  5 goblins
  10 hobgoblins
  13 jackals
  3 bats
  7 frilled lizards
  7 kobolds
  5 rats
64 creatures vanquished.

Notes
Turn   | Place    | Note
-------+----------+-------------------------------------------
     0 | D:1      | nikku the Minotaur Berserker began the quest for the Orb.
     0 | D:1      | Reached XP level 1. HP: 19/19 MP: 0/0
     3 | D:1      | Noticed an electric eel
     3 | D:1      | Noticed an electric eel
   164 | D:1      | Reached XP level 2. HP: 17/27 MP: 1/1
   851 | D:2      | Reached XP level 3. HP: 30/34 MP: 2/2
  1487 | D:2      | Reached ** piety under Trog
  1662 | D:2      | Reached skill level 5 in Axes
  1662 | D:2      | Reached XP level 4. HP: 37/41 MP: 3/3
  1742 | D:2      | Reached skill level 5 in Fighting
  2353 | D:3      | Noticed Jessica
  2359 | D:3      | Killed Jessica
  2359 | D:3      | Reached XP level 5. HP: 38/48 MP: 4/4
  2548 | D:3      | Noticed a centaur
  2555 | D:3      | Shot with an arrow by a centaur

Illustrated notes

Levels and vault maps discovered:
D:1:      arrival_aquarium_b, layout_loops_ring, kennysheep_nondescript
D:2:      minmay_alternating_diamond, layout_rooms
D:3:      minmay_diamond_boxcup, layout_basic, overflow_temple_1_default,
          first_ration, kennysheep_donut, uniq_jessica

Skill      XL: |  1  2  3  4 |
---------------+-------------+-----
Fighting       | 4 5 |  5.5
Axes           | 4 5 |  5.6
Armour         | |  2.4
Dodging        | |  2.1

Action                   |  1- 3 |  4- 6 || total
-------------------------+-------+-------++-------
Melee: Hand axe          |    82 |    49 ||   131
       Headbutt          |     9 |     4 ||    13
Invok: Trog's Hand       |       |     3 ||     3
  Use: Scroll            |     3 |     4 ||     7
  Eat: Chunk             |     2 |     4 ||     6
Armor: Animal skin       |    14 |    12 ||    26
Dodge: Dodged            |    35 |    52 ||    87
